PCL
SAN JOSE MISSIONS @ HOUSTON HAMMERTIME
04/07/2030
 
TOP OF THE 1ST
San Jose Missions batting - Pitching for Houston Hammertime : RHP Joe Wilson
Pitching: RHP Joe Wilson
Batting: RHB Ed Starr 0-0: Ball
1-0: Ground out 4-3 (Groundball, 34)
Batting: RHB Dave Wookey 0-0: TRIPLE (Line Drive, 8LXD)
Batting: LHB Frank Geddes 0-0: Ball
1-0: Ball
2-0: Ball
3-0: Called Strike
3-1: Ground out 4-3 (Groundball, 4)
Dave Wookey scores
Batting: SHB Ángel González 0-0: Ground out U3 (Groundball, 3L)
Top of the 1st over - 1 run, 1 hit, 0 errors, 0 left on base; San Jose 1 - Houston 0
BOTTOM OF THE 1ST
Houston Hammertime batting - Pitching for San Jose Missions : LHP Martín Reyes
Pitching: LHP Martín Reyes
Batting: RHB José García 0-0: Foul Ball, location: 2F
0-1: Called Strike
0-2: Ball
1-2: Foul Ball, location: 2F
1-2: Ball
2-2: Ball
3-2: Foul Ball, location: 2F
3-2: SINGLE (Line Drive, 89S)
Batting: RHB Santo Cruz 0-0: Ball
José García is caught stealing 2nd base
1-0: Ball
2-0: Ground out 5-3 (Groundball, 5)
Batting: LHB Francisco Cardenas 0-0: Called Strike
0-1: Ball
1-1: DOUBLE (Line Drive, 9LS)
Batting: RHB Carlos García 0-0: Ball
1-0: Ball
2-0: Ball
3-0: Base on Balls
Batting: LHB Marcos Cantú 0-0: Foul Ball, location: 2F
0-1: Ball
1-1: Foul Ball, location: 2F
1-2: Ball
2-2: Foul Ball, location: 2F
2-2: Fly out, F3 (Line Drive, 3S)
Bottom of the 1st over - 0 runs, 2 hits, 0 errors, 2 left on base; San Jose 1 - Houston 0
TOP OF THE 2ND
San Jose Missions batting - Pitching for Houston Hammertime : RHP Joe Wilson
Batting: RHB Jeff Packard 0-0: SOLO HOME RUN (Flyball, 7D), Distance : 355 ft
Batting: LHB Weston Chaney 0-0: Called Strike
0-1: Foul Ball, location: 2F
0-2: SINGLE (Groundball, 34S) (infield hit)
Batting: RHB Jorge Díaz 0-0: Called Strike
0-1: Grounds into double play, 4-6-3 (Groundball, 4)
Batting: RHB Aaron Grizzle 0-0: Ball
1-0: Ball
2-0: Ball
3-0: Called Strike
3-1: Fly out, F8 (Flyball, 8RD)
Top of the 2nd over - 1 run, 2 hits, 0 errors, 0 left on base; San Jose 2 - Houston 0
BOTTOM OF THE 2ND
Houston Hammertime batting - Pitching for San Jose Missions : LHP Martín Reyes
Batting: LHB Dave Gordon 0-0: Ball
1-0: SINGLE (Groundball, 56D)
Batting: RHB Jorge Barbosa 0-0: Called Strike
0-1: Ball
1-1: Ball
2-1: Grounds into double play, 1-6-3 (Groundball, P)
Batting: LHB Raúl Casillán 0-0: Called Strike
0-1: Ball
1-1: Foul Ball, location: 2F
1-2: Ground out U3 (Groundball, 3)
Bottom of the 2nd over - 0 runs, 1 hit, 0 errors, 0 left on base; San Jose 2 - Houston 0
TOP OF THE 3RD
San Jose Missions batting - Pitching for Houston Hammertime : RHP Joe Wilson
Batting: RHB David Crespo 0-0: Ball
1-0: Foul Ball, location: 2F
1-1: Ball
2-1: Ball
3-1: Base on Balls
Batting: RHB Ed Starr 0-0: Called Strike
0-1: Foul Ball, location: 2F
0-2: Grounds into double play, 5-4-3 (Groundball, 56)
Batting: RHB Dave Wookey 0-0: Called Strike
0-1: Fly out, F6 (Flyball, 6D)
Top of the 3rd over - 0 runs, 0 hits, 0 errors, 0 left on base; San Jose 2 - Houston 0
BOTTOM OF THE 3RD
Houston Hammertime batting - Pitching for San Jose Missions : LHP Martín Reyes
Batting: LHB David Adams 0-0: Ball
1-0: Called Strike
1-1: Ground out U3 (Groundball, 3L)
Batting: RHB José García 0-0: Swinging Strike
0-1: Ball
1-1: Foul Ball, location: 2F
1-2: Ball
2-2: Foul Ball, location: 2F
2-2: Foul Ball, location: 2F
2-2: Strikes out looking
Batting: RHB Santo Cruz 0-0: Swinging Strike
0-1: Ball
1-1: Foul Ball, location: 2F
1-2: Strikes out looking
Bottom of the 3rd over - 0 runs, 0 hits, 0 errors, 0 left on base; San Jose 2 - Houston 0
TOP OF THE 4TH
San Jose Missions batting - Pitching for Houston Hammertime : RHP Joe Wilson
Batting: LHB Frank Geddes 0-0: Called Strike
0-1: Ball
1-1: Called Strike
1-2: Strikes out swinging
Batting: SHB Ángel González 0-0: TRIPLE (Flyball, 78XD)
Batting: RHB Jeff Packard 0-0: Fly out, F9 (Line Drive, 89S)
Runner from 3rd tags up, SCORES, no throw
Batting: LHB Weston Chaney 0-0: Ball
1-0: Called Strike
1-1: Swinging Strike
1-2: Ball
2-2: Strikes out swinging
Top of the 4th over - 1 run, 1 hit, 0 errors, 0 left on base; San Jose 3 - Houston 0
BOTTOM OF THE 4TH
Houston Hammertime batting - Pitching for San Jose Missions : LHP Martín Reyes
Batting: LHB Francisco Cardenas 0-0: Ball
1-0: Foul Ball, location: 2F
1-1: Swinging Strike
1-2: Fly out, F6 (Line Drive, 6M)
Batting: RHB Carlos García 0-0: Ball
1-0: Foul Ball, location: 2F
1-1: Ball
2-1: Ball
3-1: Base on Balls
Batting: LHB Marcos Cantú 0-0: Ball
Carlos García steals 2nd base
1-0: Foul Ball, location: 2F
1-1: Ball
2-1: Called Strike
2-2: SINGLE (Line Drive, 89M)
Carlos García to third
Runner from 3rd tries for Home, throw and OUT!
Marcos Cantú to second
Batting: LHB Dave Gordon 0-0: Ball
1-0: Foul Ball, location: 2F
1-1: Foul Ball, location: 2F
1-2: SINGLE (Flyball, 8RS)
Marcos Cantú to third
Runner from 3rd tries for Home, SAFE, no throw
Batting: RHB Jorge Barbosa 0-0: Ball
1-0: Called Strike
1-1: Swinging Strike
1-2: Foul Ball, location: 2F
1-2: Foul Ball, location: 2F
1-2: Foul Ball, location: 2F
1-2: Ball
2-2: Ball
3-2: Foul Ball, location: 2F
3-2: Base on Balls
Dave Gordon to second
Batting: LHB Raúl Casillán 0-0: Called Strike
0-1: Foul Ball, location: 2F
0-2: Ball
1-2: Ball
2-2: Foul Ball, location: 2F
2-2: Foul Ball, location: 2F
2-2: Foul Ball, location: 2F
2-2: Ball
3-2: SINGLE (Groundball, 4) (infield hit)
Dave Gordon to third
Jorge Barbosa to second
Batting: LHB David Adams 0-0: Ball
1-0: SINGLE (Groundball, 3D)
Dave Gordon scores
Jorge Barbosa to third
Raúl Casillán to second
Runner from 3rd tries for Home, SAFE, no throw
Batting: RHB José García 0-0: Ball
1-0: Ball
2-0: Foul Ball, location: 2F
2-1: Ball
3-1: Swinging Strike
3-2: SINGLE (Line Drive, 6MD)
Raúl Casillán to third
David Adams to second
Raúl Casillán scores
David Adams to third
Batting: RHB Santo Cruz 0-0: Swinging Strike
0-1: Ball
1-1: Ball
2-1: Foul Ball, location: 2F
2-2: Ball
3-2: Foul Ball, location: 2F
3-2: Fly out, F6 (Line Drive, 6)
Bottom of the 4th over - 4 runs, 5 hits, 0 errors, 2 left on base; San Jose 3 - Houston 4
TOP OF THE 5TH
San Jose Missions batting - Pitching for Houston Hammertime : RHP Joe Wilson
Batting: RHB Jorge Díaz 0-0: Called Strike
0-1: Foul Ball, location: 2F
0-2: Strikes out swinging
Batting: RHB Aaron Grizzle 0-0: Foul Ball, location: 2F
0-1: Foul Ball, location: 2F
0-2: Ball
1-2: Foul Ball, location: 2F
1-2: Strikes out looking
Batting: RHB David Crespo 0-0: Swinging Strike
0-1: Called Strike
0-2: Strikes out swinging
Top of the 5th over - 0 runs, 0 hits, 0 errors, 0 left on base; San Jose 3 - Houston 4
BOTTOM OF THE 5TH
Houston Hammertime batting - Pitching for San Jose Missions : LHP Martín Reyes
Pitching: RHP Jesús Zapata
Batting: LHB Francisco Cardenas 0-0: Called Strike
0-1: SINGLE (Groundball, 34D)
Batting: RHB Carlos García 0-0: Ball
1-0: Foul Ball, location: 2F
1-1: Called Strike
1-2: Ball
2-2: Strikes out swinging
Batting: LHB Marcos Cantú 0-0: Called Strike
0-1: 2-RUN HOME RUN (Flyball, 89XD), Distance : 386 ft
Batting: LHB Dave Gordon 0-0: Ball
1-0: Swinging Strike
1-1: Called Strike
1-2: SINGLE (Line Drive, 89S)
Batting: RHB Jorge Barbosa 0-0: Swinging Strike
0-1: Ball
1-1: Foul Ball, location: 2F
1-2: Strikes out looking
Batting: LHB Raúl Casillán 0-0: Called Strike
0-1: Fly out, F9 (Flyball, 9)
Bottom of the 5th over - 2 runs, 3 hits, 0 errors, 1 left on base; San Jose 3 - Houston 6
TOP OF THE 6TH
San Jose Missions batting - Pitching for Houston Hammertime : RHP Joe Wilson
Batting: RHB Ed Starr 0-0: Ball
1-0: Ball
2-0: Ball
3-0: Foul Ball, location: 2F
3-1: Fly out, F9 (Flyball, 9D)
Batting: RHB Dave Wookey 0-0: Called Strike
0-1: Foul Ball, location: 2F
0-2: DOUBLE (Flyball, 78D)
Batting: LHB Frank Geddes 0-0: Called Strike
0-1: Swinging Strike
0-2: Strikes out swinging
Batting: SHB Ángel González 0-0: Called Strike
Balk!
Dave Wookey to third
0-1: Ball
1-1: Ball
2-1: Foul Ball, location: 2F
2-2: Ball
3-2: SINGLE (Groundball, 3D)
Dave Wookey scores
Batting: RHB Jeff Packard 0-0: Foul Ball, location: 2F
0-1: Called Strike
0-2: Foul Ball, location: 2F
0-2: Foul Ball, location: 2F
0-2: Ball
1-2: Ball
2-2: Foul Ball, location: 2F
2-2: Fielders Choice at 2nd, 5-4 (Groundball, 5)
Top of the 6th over - 1 run, 2 hits, 0 errors, 1 left on base; San Jose 4 - Houston 6
BOTTOM OF THE 6TH
Houston Hammertime batting - Pitching for San Jose Missions : RHP Jesús Zapata
Pitching: RHP Kazuo Mochizuki
Batting: LHB David Adams 0-0: Swinging Strike
0-1: Called Strike
0-2: Ground out 6-3 (Groundball, 6M)
Batting: RHB José García 0-0: Called Strike
0-1: Ground out 5-3 (Groundball, 56)
Batting: RHB Santo Cruz 0-0: Called Strike
0-1: Called Strike
0-2: Strikes out swinging
Bottom of the 6th over - 0 runs, 0 hits, 0 errors, 0 left on base; San Jose 4 - Houston 6
TOP OF THE 7TH
San Jose Missions batting - Pitching for Houston Hammertime : RHP Joe Wilson
Batting: LHB Weston Chaney 0-0: Ball
1-0: Ball
2-0: Foul Ball, location: 2F
2-1: SINGLE (Groundball, 4MD)
Batting: RHB Jorge Díaz 0-0: Ball
1-0: Called Strike
1-1: Foul Ball, location: 2F
1-2: Strikes out looking
Batting: RHB Aaron Grizzle 0-0: Called Strike
0-1: SINGLE (Flyball, 78S)
Weston Chaney to second
Batting: RHB David Crespo 0-0: Ball
1-0: Foul Ball, location: 2F
1-1: Ball
2-1: Foul Ball, location: 2F
2-2: Ball
3-2: Fly out, F8 (Flyball, 8LD)
Runner from 2nd tags up, SAFE at 3rd with throw
Batting: RHB Ed Starr 0-0: Ball
1-0: Swinging Strike
1-1: Foul Ball, location: 2F
1-2: Ball
2-2: Ball
3-2: Ground out 4-3 (Groundball, 34)
Top of the 7th over - 0 runs, 2 hits, 0 errors, 2 left on base; San Jose 4 - Houston 6
BOTTOM OF THE 7TH
Houston Hammertime batting - Pitching for San Jose Missions : RHP Kazuo Mochizuki
Pitching: LHP Armando Rodríguez
Batting: LHB Francisco Cardenas 0-0: Ball
1-0: Foul Ball, location: 2F
1-1: Ball
2-1: Foul Ball, location: 2F
2-2: Ball
3-2: Fly out, F8 (Flyball, 8LXD)
Pitching: RHP Shiki Kanno
Batting: RHB Carlos García 0-0: Ball
1-0: Foul Ball, location: 2F
1-1: Ball
2-1: SOLO HOME RUN (Flyball, 9D), Distance : 345 ft
Pitching: RHP José García
Batting: LHB Marcos Cantú 0-0: Ball
1-0: Foul Ball, location: 2F
1-1: Ball
2-1: Called Strike
2-2: Foul Ball, location: 2F
2-2: Ball
3-2: Base on Balls
Batting: LHB Dave Gordon 0-0: Fielders Choice at 2nd, 3-6 (Groundball, 3)
Batting: RHB Jorge Barbosa 0-0: Fly out, F3 (Popup, 3SF)
Bottom of the 7th over - 1 run, 1 hit, 0 errors, 1 left on base; San Jose 4 - Houston 7
TOP OF THE 8TH
San Jose Missions batting - Pitching for Houston Hammertime : RHP Joe Wilson
Now at C: Raúl Salas
Batting: RHB Dave Wookey 0-0: Ball
1-0: Ball
2-0: Ball
3-0: Base on Balls
Batting: LHB Frank Geddes 0-0: Ball
Wild Pitch!
Dave Wookey to second
1-0: Foul Ball, location: 2F
1-1: Ball
2-1: SINGLE (Line Drive, 4D)
Dave Wookey to third
Batting: SHB Ángel González 0-0: Ball
1-0: Ball
2-0: Ball
3-0: Called Strike
3-1: Base on Balls
Frank Geddes to second
Batting: RHB Jeff Packard 0-0: Ball
1-0: Called Strike
1-1: Ball
2-1: SINGLE (Line Drive, 6D)
Dave Wookey scores
Frank Geddes to third
Ángel González to second
Runner from 3rd tries for Home, SAFE, no throw
Batting: LHB Weston Chaney 0-0: Ball
1-0: Ball
2-0: Ball
3-0: Called Strike
3-1: Sac Bunt - play at first, batter OUT! U3
Ángel González to third
Jeff Packard to second
Batting: RHB Jorge Díaz 0-0: Ball
1-0: Ball
2-0: Ground out 5-3 (Groundball, 56)
Pinch Hitting: LHB John Foster 0-0: Called Strike
0-1: Ball
1-1: Ball
2-1: Ball
3-1: Base on Balls
Batting: RHB David Crespo 0-0: Called Strike
0-1: Ball
1-1: Ball
2-1: Ball
3-1: Base on Balls
Ángel González scores
Jeff Packard to third
John Foster to second
Pitching: LHP Dan Snyder
Batting: RHB Ed Starr 0-0: Ball
1-0: Ball
2-0: Swinging Strike
2-1: Ball
3-1: Foul Ball, location: 2F
3-2: Strikes out swinging
Top of the 8th over - 3 runs, 2 hits, 0 errors, 3 left on base; San Jose 7 - Houston 7
BOTTOM OF THE 8TH
Houston Hammertime batting - Pitching for San Jose Missions : RHP José García
Now at 3B: Alberto Ramos
Batting: LHB Raúl Casillán 0-0: Ball
1-0: Called Strike
1-1: Ball
2-1: Swinging Strike
2-2: Ball
3-2: Strikes out swinging
Batting: LHB David Adams 0-0: Ground out 3-1 (Groundball, 34)
Pinch Hitting: LHB Jeffrey Satterley 0-0: Called Strike
0-1: Called Strike
0-2: Ball
1-2: Strikes out swinging
Bottom of the 8th over - 0 runs, 0 hits, 0 errors, 0 left on base; San Jose 7 - Houston 7
TOP OF THE 9TH
San Jose Missions batting - Pitching for Houston Hammertime : LHP Dan Snyder
Now at 3B: Juan Carlos
Batting: RHB Dave Wookey 0-0: Ball
1-0: Ball
2-0: Ball
3-0: Base on Balls
Batting: LHB Frank Geddes 0-0: Ball
1-0: Foul Ball, location: 2F
1-1: Called Strike
1-2: Strikes out looking
Pinch Hitting: RHB Jesús Cruz 0-0: Called Strike
0-1: Ball
1-1: Ball
2-1: SINGLE (Flyball, 5D)
Dave Wookey to second
Batting: RHB Jeff Packard 0-0: 3-RUN HOME RUN (Flyball, 9LD), Distance : 351 ft
Batting: LHB Weston Chaney 0-0: Ball
1-0: Ball
2-0: Called Strike
2-1: Foul Ball, location: 2F
2-2: Ball
3-2: Hit by Pitch
Batting: RHB Jorge Díaz 0-0: Ball
1-0: Foul Ball, location: 2F
1-1: Ball
2-1: Foul Ball, location: 2F
2-2: Ball
3-2: Base on Balls
Weston Chaney to second
Batting: RHB Alberto Ramos 0-0: Ball
1-0: Foul Ball, location: 2F
1-1: 3-RUN HOME RUN (Flyball, 7LD), Distance : 345 ft
Batting: RHB David Crespo 0-0: Ball
1-0: Swinging Strike
1-1: Ball
2-1: Ground out 6-3 (Groundball, 6D)
Batting: RHB Ed Starr 0-0: Ball
1-0: Swinging Strike
1-1: Foul Ball, location: 2F
1-2: SINGLE (Line Drive, 89M)
Batting: RHB Dave Wookey 0-0: Ball
1-0: Ball
2-0: Ball
3-0: Called Strike
3-1: Base on Balls
Ed Starr to second
Batting: LHB Frank Geddes 0-0: Ball
1-0: Called Strike
1-1: Ball
2-1: SINGLE (Flyball, 56D)
Ed Starr to third
Dave Wookey to second
Runner from 3rd tries for Home, SAFE, throw made home
Batting: RHB Jesús Cruz 0-0: Ball
1-0: Ball
2-0: Ball
3-0: Base on Balls
Dave Wookey to third
Frank Geddes to second
Batting: RHB Jeff Packard 0-0: Ball
1-0: Foul Ball, location: 2F
1-1: SINGLE (Line Drive, 78S)
Dave Wookey scores
Frank Geddes to third
Jesús Cruz to second
Runner from 3rd tries for Home, SAFE, no throw
Pitching: LHP Mark Stewart
Batting: LHB Weston Chaney 0-0: Ball
1-0: Foul Ball, location: 2F
1-1: Ball
2-1: Called Strike
2-2: Ball
3-2: Strikes out swinging
Top of the 9th over - 9 runs, 6 hits, 0 errors, 2 left on base; San Jose 16 - Houston 7
BOTTOM OF THE 9TH
Houston Hammertime batting - Pitching for San Jose Missions : RHP José García
Now at C: Miguel Mendoza
Now at SS: Chase Mueller
Now in LF: Irwin Duncan
Now in RF: Phil Cantrell
Batting: RHB Santo Cruz 0-0: Fly out, F8 (Flyball, 78D)
Batting: LHB Francisco Cardenas 0-0: SINGLE (Groundball, 56D)
Batting: RHB Carlos García 0-0: Fly out, F3 (Popup, 3SF)
Batting: LHB Marcos Cantú 0-0: Ground out 1-3 (Groundball, 13S)
Bottom of the 9th over - 0 runs, 1 hit, 0 errors, 1 left on base; San Jose 16 - Houston 7
Saturday, April 7th, 2018 - OOTP Baseball 18.8 Build 76